Map: Lightshade LE

Players

TopFivHotKys - Winner!

  • Race: Protoss Protoss
  • League: Master
  • Spawn Location: 11:00

pioneer

  • Race: Zerg Zerg
  • League: Master
  • Spawn Location: 5:00

VOD

Have the link to the VOD?

Description

Time

  • Played on: Nov. 26, 2020, 5:12 a.m.
  • Length: 8:35
Show
View Real Time Build Order
Export as new Build Order

TopFivHotKys Protoss - Winner!

Build Orders: Cannon Rush 

Get SALT Encoding   

  12  0:00  Probe  
  13  0:18  Pylon  
  14  0:21  Probe  
  14  0:33  Probe  
  15  0:44  Forge  
  15  0:50  Pylon  
  15  0:58  Probe  
  15  1:01  Assimilator  
  16  1:10  Probe  
  17  1:30  Gateway, Pylon  
  17  1:39  Probe  
  18  1:54  Photon Cannon  
  18  1:56  Photon Cannon  
  18  1:58  Photon Cannon  
  18  2:07  Photon Cannon  
  18  2:12  Assimilator  
  19  2:15  Probe (Chrono Boost)  
  19  2:27  Cybernetics Core  
  19  2:39  Photon Cannon  
  19  2:47  Pylon  
  19  2:52  Probe (Chrono Boost), Assimilator  
  20  3:07  Zealot  
  22  3:12  Probe  
  22  3:17  Pylon  
  23  3:25  Probe  
  24  3:34  Stalker  
  24  3:40  Pylon  
  26  3:49  Stargate  
  26  4:04  Photon Cannon  
  26  4:17  Stalker  
  26  4:21  Shield Battery  
  28  4:31  Void Ray (Chrono Boost)  
  32  4:47  Stalker  
  34  5:09  Fleet Beacon  
  34  5:42  Nexus  
  34  5:45  Shield Battery  
  34  5:51  Pylon  
  34  6:13  Tempest  
  39  6:47  Stalker  
  39  6:56  Tempest  
  39  6:59  Probe  
  39  7:11  Probe  
  40  7:23  Probe  
  41  7:32  Stalker  
  43  7:49  Tempest  
  43  7:50  Shield Battery  
  48  7:56  Probe  
  49  7:59  Assimilator  
  49  8:08  Probe  
Show
View Real Time Build Order
Export as new Build Order

pioneer Zerg 

Build Orders: Hatch First 

Get SALT Encoding   

  12  0:01  Drone  
  13  0:12  Overlord  
  13  0:17  Drone  
  14  0:31  Drone x2  
  14  0:35  Drone  
  17  0:55  Drone  
  18  0:59  Drone  
  18  1:03  Hatchery  
  18  1:10  Extractor  
  17  1:15  Spawning Pool  
  16  1:19  Drone  
  16  1:22  Drone  
  18  1:32  Drone  
  19  1:43  Overlord  
  19  1:58  Drone  
  20  2:02  Queen  
  20  2:07  Drone  
  23  2:16  Queen  
  25  2:23  Zergling x6  
  25  2:27  Zergling x2  
  28  2:38  Lair  
  28  2:43  Drone x2  
  30  2:45  Drone  
  30  2:59  Extractor, Drone  
  30  3:02  Drone  
  30  3:03  Drone  
  30  3:10  Overlord x3  
  30  3:36  Hydralisk Den  
  30  3:37  Queen  
  30  3:40  Drone x2  
  30  3:41  Nydus Network  
  32  4:07  Hydralisk x2  
  32  4:08  Hydralisk  
  37  4:16  Overlord  
  37  4:22  Nydus Canal  
  37  4:41  Drone x6  
  41  4:52  Spine Crawler x2  
  39  4:53  Spine Crawler  
  39  4:54  Queen  
  40  5:04  Spine Crawler  
  39  5:13  Spine Crawler  
  38  5:18  Spore Crawler  
  38  5:21  Hydralisk x2  
  36  5:33  Queen  
  36  5:35  Hydralisk  
  38  6:32  Hydralisk x3  
  31  6:33  Hydralisk x4  
  45  6:43  Spore Crawler  
  45  6:44  Spine Crawler  
  45  6:45  Spore Crawler  
  45  6:46  Spine Crawler  
  38  7:14  Drone  
  38  7:15  Drone x3  
  30  7:38  Spore Crawler x2  
  30  7:42  Hydralisk  
  30  7:43  Spine Crawler  
  25  7:44  Spore Crawler  
  24  8:00  Hydralisk x3  
Tags
 
Add a new tag
Caveats
  • Supply blocks, unpowered buildings, or Contaminate may cause inaccurate times.
  • Supply counts are checked every 10 seconds.